 Dungeon Crawl Stone Soup version 0.28-a0-1199-gef9e1dbd39 (webtiles) character file.

Game seed: 11542336017987864625

9 croobank the Sneak (level 2, 0/14 HPs)
             Began as a Felid Delver on Dec 19, 2021.
             Succumbed to an adder's poison
             ... on level 3 of the Dungeon.
             The game lasted 00:02:21 (354 turns).

croobank the Sneak (Felid Delver)                    Turns: 354, Time: 00:02:21

Health: 0/14       AC:  1    Str:  8    XL:     2   Next: 6%
Magic:  3/3        EV: 18    Int: 11    God:
Gold:   0          SH:  0    Dex: 17    Spells: 1/1 levels left
                                        Lives:  0   Deaths: 0

rFire   . . .      SeeInvis +     - Unarmed
rCold   . . .      Faith    .   (shield unavailable)
rNeg    . . .      Spirit   .   (armour unavailable)
rPois   .          Reflect  .   (helmet unavailable)
rElec   .          Harm     .   (cloak unavailable)
rCorr   .          Rampage  .   (gloves unavailable)
Will    .....                   (boots unavailable)
Stlth   ++++......              (no amulet)
HPRegen 0.04/turn               (no ring)
MPRegen 0.08/turn               (no ring)

@: lethally poisoned (0 -> -3), quick
A: very small, claws 1, fangs 3, see invisible, speed 1, shaggy fur 1, stealthy
paws, no weapons or thrown items, no armour, multi-lived
a: no special abilities


You were on level 3 of the Dungeon.
You visited 1 branch of the dungeon, and saw 3 of its levels.

Inventory:

Wands
 e - a wand of digging (3)
 f - a wand of mindburst (6)
Scrolls
 a - a scroll of fog
 g - a scroll of immolation
Potions
 d - a potion of haste


   Skills:
 + Level 3.1 Fighting
 + Level 3.0 Dodging
 + Level 6.8 Stealth
 + Level 2.2 Unarmed Combat


You had one spell level left.
You didn't know any spells.
Your spell library was empty.

Dungeon Overview and Level Annotations

Branches:
Dungeon (5/15)             Temple (0/1) D:5

Altars:


Innate Abilities, Weirdness & Mutations

You have sharp claws.
You have razor-sharp teeth.
You have supernaturally acute eyesight. (SInv)
You cover ground quickly. (Speed+)
You are covered in fur. (AC +1)
Your paws help you pounce on unaware monsters.
You are incapable of wielding weapons or throwing items.
You cannot wear armour.
You gain extra lives every three experience levels.


Message History

The goblin misses you.
You claw the goblin!
You kill the goblin!
Things that are here:
a +0 dagger; a +0 hunting sling; 18 stones
Found 12 stones.
A giant cockroach comes into view.
A rat comes into view.
Found a scroll labelled PAYSTR IPHAH.
An adder comes into view.
A shadow imp comes into view.
The shadow imp shouts!
The adder hisses angrily.
g - a scroll labelled PAYSTR IPHAH You scratch the shadow imp.
The shadow imp is moderately wounded.
The shadow imp barely misses you.
You barely miss the adder. The adder bites you.
The shadow imp completely misses you.
You scratch the shadow imp but do no damage.
You bite the shadow imp, but do no damage.
The shadow imp is moderately wounded.
The adder closely misses you.
The shadow imp hits you but does no damage.
You scratch the shadow imp.
The shadow imp is heavily wounded.
The adder bites you.
* * * LOW HITPOINT WARNING * * *
You are lethally poisoned!
The adder poisons you! The shadow imp misses you.
As you read the scroll of fear, it crumbles to dust.
You assume a fearsome visage.
The shadow imp looks frightened!
The adder looks frightened!
* * * LOW HITPOINT WARNING * * *
You feel sick.
* * * LOW HITPOINT WARNING * * *
You feel sick.
Okay, then.
As you read the scroll labelled GIPTIS UNOUC, it crumbles to dust.
It is a scroll of identify.
g - a scroll of immolation You die...

### ######### .. #.......#
#. #.#####.# ###.###
#.#####.#### 5....#
#.##.......#
##.#.#####.##.##)##.##
#....@.....##.##.....#
.......####.#####.#####..#
###.#.# #.... .B. ...#
#... #.......### ###.# ###
#.......# .# #.......# .#
........# .# ..(.....# ..


There were no monsters in sight!

Vanquished Creatures
  An adder (D:4)
  A goblin (D:3)
2 creatures vanquished.

Notes
Turn   | Place    | Note
-------+----------+-------------------------------------------
     0 | D:5      | croobank the Felid Delver began the quest for the Orb.
     0 | D:5      | Reached XP level 1. HP: 10/10 MP: 2/2
    49 | D:4      | Reached XP level 2. HP: 5/14 MP: 3/3
   354 | D:3      | Succumbed to an adder's poison

Illustrated notes

Levels and vault maps discovered:
D:3:      layout_loops_cross
D:4:      layout_loops_ring, uniq_grinder, uniq_duvessa
D:5:      lemuel_insect_pit, layout_basic, temple_pool_b, serial_undead,
          serial_undead_d, serial_undead_b, serial_undead_d, serial_undead_c,
          serial_undead_b

Skill      XL: |  1 |
---------------+----+-----
Dodging        | 3 |  3.0
Fighting       | |  3.1
Stealth        | |  6.8
Unarmed Combat | |  2.2

Action                   || total
-------------------------++-------
Melee: Unarmed           ||    10
       Bite              ||     2
  Use: Scroll            ||     3
Armor: Skin              ||     1
Dodge: Dodged            ||     8

Table legend: (Time is in decaauts)
 A = Elapsed time spent in this place.
 B = Non-inter-level travel time spent in this place.
 C = Inter-level travel time spent in this place.
 D = Time resting spent in this place.
 E = Time spent auto-exploring this place.
 F = Levels seen in this place.
 G = Mean time per level.
                   A        B        C        D        E       F      G
               +--------+--------+--------+--------+--------+-----+--------+
         Total |    334 |    334 |      0 |    235 |      6 |   3 |  111.3 |
       Dungeon |    334 |    334 |      0 |    235 |      6 |   3 |  111.3 |
               +--------+--------+--------+--------+--------+-----+--------+

Top non-repeatable levels by time:
     D:4: 268 daAuts
     D:3: 34 daAuts
     D:5: 31 daAuts
